 Dungeon Crawl Stone Soup version 0.20.2-3-g29329e0561 (webtiles) character file.

239 Alfie the Shield-Bearer (level 6, 0/53 HPs)
             Began as a Hill Orc Fighter on Nov 30, 2022.
             Slain by a gnoll
             ... wielding a +2 spear of freezing
              (1 damage)
             ... on level 3 of the Dungeon on Dec 2, 2022.
             The game lasted 00:07:25 (1663 turns).

Alfie the Shield-Bearer (Hill Orc Fighter)          Turns: 1663, Time: 00:07:26

Health: 0/53       AC: 10    Str: 20 (21) XL:     6   Next: 7%
Magic:  6/6        EV:  6    Int:  6 (8)  God:
Gold:   127        SH:  9    Dex:  9 (10) Spells: 5/5 levels left

rFire    . . .     SeeInvis .   a - +0 rapier
rCold    . . .     Gourm    .   c - +0 shield
rNeg     . . .     Faith    .   m - +0 chain mail
rPois    .         Spirit   .   (no helmet)
rElec    .         Reflect  .   (no cloak)
rCorr    .         Harm     .   (no gloves)
MR       .....                  n - +0 pair of boots (curse)
Stlth    ..........             (no amulet)
Regen    0.2/turn               (no ring)
MPRegen  0.1/turn               (no ring)

@: flying
A: no striking features
a: no special abilities


You were on level 3 of the Dungeon.
You were hungry.

You visited 1 branch of the dungeon, and saw 3 of its levels.

You collected 127 gold pieces.

Inventory:

Hand Weapons
 a - a +0 rapier (weapon)
Armour
 c - a +0 shield (worn)
 m - a +0 chain mail (worn)
 n - a cursed +0 pair of boots (worn)
Potions
 e - a potion of curing {unknown}
 g - a potion of mutation {unknown}
 i - 3 potions of lignification
 j - 2 potions of degeneration
 k - 2 potions of flight
 o - 2 potions of invisibility {unknown}
Comestibles
 b - 2 meat rations
 f - 3 bread rations
 h - a royal jelly


   Skills:
 + Level 4.3 Fighting
 + Level 3.7 Short Blades
 + Level 4.1 Armour
 + Level 1.2 Dodging
 + Level 4.8 Shields


You had 5 spell levels left.
You didn't know any spells.

Dungeon Overview and Level Annotations

Branches:
Dungeon (3/15)

Altars:


Message History

The gnoll is severely wounded.
You are no longer glowing.
The gnoll hits you but does no damage. You block the gnoll's attack.
The gnoll barely misses you.
You hit the gnoll but do no damage.
The gnoll is severely wounded.
You block the gnoll's attack. The gnoll hits you but does no damage.
You puncture the gnoll!
You kill the gnoll!
The gnoll hits you but does no damage. You block the gnoll's attack.
The gnoll hits you but does no damage.
Things that are here:
a club; a spear It was a potion of flight.
You feel very buoyant.
You fly up into the air.
The gnoll hits you with a spear of freezing.
* * * LOW HITPOINT WARNING * * *
The gnoll freezes you.
You die...

#....†..####### ##...
#..............
#...#####.......#######
#....##.##......#
###....##.###...#.#
.......##....####.####
#....####..## #.....#
#.....###...#######>.##
#...)g@)......#### #... #.
#....####........#####. #.##
#....######........(... ..#
#....##...###..###.....
#.####....##.#..###.######..
##.#..#######.##.# #..### #..
#........####.##.####...###..
#....###...##.##..#####......
#####....#####.##.###...####.....


You could see a gnoll.

Vanquished Creatures
  The ghost of satrion the Firebug, an amateur DEFE (D:3)
  A hound (D:3)
  A gnoll shaman (D:3)
  2 gnolls (D:3)
  3 adders (D:2)
  An ooze (D:1)
  A worm (D:2)
  2 dart slugs
  A leopard gecko (D:2)
  6 orcs (D:3)
  8 bats
  A giant cockroach (D:1)
  5 goblins
  5 hobgoblins
  7 kobolds
  A quokka (D:2)
  A ball python (D:2)
  3 frilled lizards
  3 rats
53 creatures vanquished.

Notes
Turn   | Place    | Note
-------+----------+-------------------------------------------
     0 | D:1      | Alfie the Hill Orc Fighter began the quest for the Orb.
     0 | D:1      | Reached XP level 1. HP: 19/19 MP: 1/1
   119 | D:1      | Reached XP level 2. HP: 27/27 MP: 2/2
   717 | D:2      | Reached XP level 3. HP: 32/33 MP: 3/3
   933 | D:2      | Reached XP level 4. HP: 15/40 MP: 4/4
  1276 | D:3      | Noticed satrion's ghost (amateur DEFE)
  1287 | D:3      | Killed satrion's ghost
  1287 | D:3      | Reached skill level 1 in Dodging
  1287 | D:3      | Reached XP level 5. HP: 41/46 MP: 5/5
  1652 | D:3      | Reached XP level 6. HP: 29/53 MP: 6/6
  1658 | D:3      | HP: 1/53 [gnoll/club (7)]
  1663 | D:3      | HP: 1/53 [gnoll/spear of freezing (1)]
  1663 | D:3      | Slain by a gnoll

Skill      XL: |  1  2  3  4  5 |
---------------+----------------+-----
Fighting       | 4 |  4.3
Shields        | 4 |  4.8
Short Blades   | 3 |  3.7
Dodging        | 1 |  1.2
Armour         | 4 |  4.1

Action                   |  1- 3 |  4- 6 || total
-------------------------+-------+-------++-------
Melee: Rapier            |   133 |   110 ||   243
Throw: Throwing net      |       |     1 ||     1
  Use: Scroll            |       |     4 ||     4
       Potion            |       |     3 ||     3
  Eat: Royal jelly       |       |     1 ||     1
Armor: Scale mail        |    15 |       ||    15
       Chain mail        |    61 |    71 ||   132
Dodge: Dodged            |    41 |    39 ||    80
Block: Shield            |    77 |    89 ||   166
